 Dungeon Crawl Stone Soup version 0.31-a0-263-ge8cad7f256 (webtiles) character file.

Game seed: 6821700461500072197

581 qw the Shooter (level 7, -9/59 HPs)
             Began as a Minotaur Hexslinger on July 13, 2023.
             Mangled by a gnoll sergeant
             ... wielding a +0 trident
              (12 damage)
             ... on level 5 of the Dungeon.
             The game lasted 00:01:40 (3966 turns).

qw the Shooter (Minotaur Hexslinger)                Turns: 3966, Time: 00:01:40

Health: -9/59      AC:  5    Str: 15    XL:     7   Next: 14%
Magic:  7/7        EV: 12    Int: 10    God:
Gold:   190        SH:  5    Dex: 15    Spells: 7/8 levels left

rFire   . . .        e - +1 sling (heavy)
rCold   + . .        (no shield)
rNeg    . . .        p - +1 leather armour "Huchoacs" {Str+3}
rPois   .            (helmet restricted)
rElec   .            i - +0 cloak
rCorr   .            (no gloves)
SInv    .            (no boots)
Will    .....        k - amulet of reflection
Stlth   +            g - ring of protection from cold
HPRegen 0.29/turn    n - ring of willpower
MPRegen 0.10/turn

%: reflection
@: lethally poisoned (-9 -> -10), weak-willed
A: horns 2, retaliatory headbutt
a: no special abilities


You were on level 5 of the Dungeon.
You visited 1 branch of the dungeon, and saw 5 of its levels.

You collected 190 gold pieces.


Innate Abilities, Weirdness & Mutations

You have a pair of horns on your head.
You reflexively headbutt those who attack you in melee.


   Skills:
 - Level 4.2 Fighting
 + Level 7.4 Ranged Weapons
 - Level 2.1 Armour
 - Level 2.1 Dodging
 - Level 1.0 Spellcasting
 - Level 2.0 Hexes


You had 7 spell levels left.
You knew the following spells:

 Your Spells              Type           Power      Damage    Failure   Level
a - Slow                  Hex            16%        N/A       19%         1

Your spell library contained the following spells:

 Spells                   Type           Power      Damage    Failure   Level
 Inner Flame              Hex/Fire       2%         N/A       63%         3
 Portal Projectile        Hex/Tloc       4%         N/A       63%         3
 Cause Fear               Hex            2%         N/A       88%         4

Inventory:

Hand Weapons
 e - a +1 heavy sling (weapon)
Armour
 d - a +0 leather armour of cold resistance
 i - a +0 cloak (worn)
 p - the +1 leather armour "Huchoacs" (worn) {Str+3}
   (You found it on level 4 of the Dungeon)

   Str:       It affects your strength (+3).
Jewellery
 g - a ring of protection from cold (left hand)
 k - an amulet of reflection (around neck)
 n - a ring of willpower (right hand)
Scrolls
 b - a scroll of identify
 f - 2 scrolls of brand weapon
Potions
 a - a potion of resistance
 c - a potion of mutation
 h - a potion of cancellation
 j - a potion of might
 l - a potion of enlightenment
 m - a potion of berserk rage {unknown}

Dungeon Overview and Level Annotations

Branches:
Dungeon (5/15)             Temple (0/1) D:5

Altars:
Makhleb

Shops:
D:4 :


Message History

You shoot a sling bullet. The sling bullet hits the gnoll!
You kill the gnoll!
A gnoll comes into view. It is wielding a +0 flail.
You shoot a sling bullet.
The sling bullet closely misses the gnoll.
The gnoll shouts!
You shoot a sling bullet.
The sling bullet closely misses the gnoll.
The gnoll hits you with a +0 halberd of venom!
You are poisoned.
You shoot a sling bullet.
The sling bullet hits the gnoll sergeant.
The gnoll sergeant is lightly wounded.
You feel very sick.
You shoot a sling bullet.
The sling bullet hits the gnoll sergeant but does no damage.
The gnoll sergeant is lightly wounded.
You feel very sick. You block the gnoll's attack.
The gnoll sergeant hits you with a +0 trident!
The gnoll sergeant hits you with a +0 trident.
The gnoll barely misses you.
You shoot a sling bullet.
The sling bullet barely misses the gnoll sergeant.
You feel very sick. You block the gnoll's attack. The gnoll barely misses you.
You block the gnoll sergeant's attack. The gnoll hits you with a +0 flail.
The gnoll sergeant closely misses you. The gnoll misses you.
You furiously retaliate!
You headbutt the gnoll! You shoot a sling bullet.
The sling bullet barely misses the gnoll.
You feel sick. The gnoll hits you with a +0 flail.
The gnoll closely misses you.
The gnoll sergeant hits you with a +0 trident!
You shoot a sling bullet.
The sling bullet barely misses the gnoll.
You feel sick. The gnoll hits you but does no damage.
The gnoll completely misses you. You furiously retaliate!
You headbutt the gnoll.
The gnoll sergeant hits you with a +0 trident!
You die...

...####.........#
#..# #.........#
#..# #.).......#
#..# #.........#
#+###.........+...
...................
..............~...!
).....gg......~~.~..
...#.8@#......~~~~.
......g........!~.~.
####8.>.8...........
#.....#......?..
##.8.##.#######
##..# .# .#.. .#
.##.


You could see a gnoll sergeant and 2 gnolls.

Vanquished Creatures
  Sigmund (D:4)
  2 scorpions (D:4)
  An orc priest (D:3)
  A sleepcap (D:4)
  Terence (D:2)
  An orc wizard (D:3)
  3 gnolls (D:5)
  4 adders
  A shadow imp (D:4)
  An ufetubus (D:4)
  2 worms (D:2)
  A dart slug (D:1)
  10 orcs
  12 bats
  5 endoplasms
  6 giant cockroaches
  14 goblins
  8 hobgoblins
  4 jackals (D:1)
  14 kobolds
  2 quokkas
  8 ball pythons
  A frilled lizard (D:3)
  4 rats
107 creatures vanquished.

Notes
Turn   | Place    | Note
-------+----------+-------------------------------------------
     0 | D:1      | qw the Minotaur Hexslinger began the quest for the Orb.
     0 | D:1      | Reached XP level 1. HP: 16/16 MP: 1/1
     0 | D:1      | 0 ||| qw: Version: 0.3-a-52-g30416fa
     0 | D:1      | 0 ||| qw: Game counter: 7257
     0 | D:1      | 0 ||| qw: Melee chars always use a shield: true
     0 | D:1      | 0 ||| qw: God list: Okawaru
     0 | D:1      | 0 ||| qw: Allow faded altars: false
     0 | D:1      | 0 ||| qw: Do Orc after clearing Dungeon:15 true
     0 | D:1      | 0 ||| qw: Do second Lair branch before Depths: true
     0 | D:1      | 0 ||| qw: Lair rune preference: random
     0 | D:1      | 0 ||| qw: Goals: Normal
     0 | D:1      | 0 ||| PLANNING D:1-11
   182 | D:1      | Reached skill level 3 in Ranged Weapons
   182 | D:1      | Reached XP level 2. HP: 20/23 MP: 2/2
   317 | D:1      | 317 ||| FLEEEEING.
   318 | D:1      | 318 ||| FLEEEEING.
   319 | D:1      | 319 ||| FLEEEEING.
   320 | D:1      | 320 ||| FLEEEEING.
   321 | D:1      | 321 ||| FLEEEEING.
   322 | D:1      | 322 ||| FLEEEEING.
   323 | D:1      | 323 ||| FLEEEEING.
   324 | D:1      | 324 ||| FLEEEEING.
   325 | D:1      | 325 ||| FLEEEEING.
   326 | D:1      | 326 ||| FLEEEEING.
   327 | D:1      | 327 ||| FLEEEEING.
   328 | D:1      | 328 ||| FLEEEEING.
   329 | D:1      | 329 ||| FLEEEEING.
   330 | D:1      | 330 ||| FLEEEEING.
   331 | D:1      | 331 ||| FLEEEEING.
   332 | D:1      | 332 ||| FLEEEEING.
   333 | D:1      | 333 ||| FLEEEEING.
   334 | D:1      | 334 ||| FLEEEEING.
   335 | D:1      | 335 ||| FLEEEEING.
   440 | D:1      | Reached XP level 3. HP: 29/29 MP: 3/3
   792 | D:1      | 792 ||| UPGRADING to +0 leather armour of cold resistance.
   802 | D:1      | 802 ||| DROPPING +0 robe.
   803 | D:1      | 803 ||| UPGRADING to +0 cloak.
   808 | D:1      | 808 ||| UPGRADING to amulet of reflection.
   813 | D:1      | 813 ||| READING scroll labelled ZIESTI ID ZOI.
   814 | D:1      | 814 ||| READING scroll labelled PUANEB RAFRA.
   815 | D:1      | 815 ||| READING scroll labelled YRONYCEWKO.
   816 | D:1      | 816 ||| DRINKING 2 lumpy orange potions.
   839 | D:1      | 839 ||| DROPPING scroll of poison.
   840 | D:1      | 840 ||| DROPPING potion of lignification.
   901 | D:2      | Reached skill level 4 in Ranged Weapons
  1114 | D:2      | Reached XP level 4. HP: 35/36 MP: 4/4
  1137 | D:2      | Noticed Terence
  1151 | D:2      | Killed Terence
  1157 | D:2      | 1157 ||| FLEEEEING.
  1158 | D:2      | 1158 ||| FLEEEEING.
  1159 | D:2      | 1159 ||| FLEEEEING.
  1160 | D:2      | 1160 ||| FLEEEEING.
  1161 | D:2      | 1161 ||| FLEEEEING.
  1162 | D:2      | 1162 ||| FLEEEEING.
  1163 | D:2      | 1163 ||| FLEEEEING.
  1164 | D:2      | 1164 ||| FLEEEEING.
  1165 | D:2      | 1165 ||| FLEEEEING.
  1166 | D:2      | 1166 ||| FLEEEEING.
  1167 | D:2      | 1167 ||| FLEEEEING.
  1168 | D:2      | 1168 ||| FLEEEEING.
  1169 | D:2      | 1169 ||| FLEEEEING.
  1170 | D:2      | 1170 ||| FLEEEEING.
  1171 | D:2      | 1171 ||| FLEEEEING.
  1172 | D:2      | 1172 ||| FLEEEEING.
  1173 | D:2      | 1173 ||| FLEEEEING.
  1174 | D:2      | 1174 ||| FLEEEEING.
  1175 | D:2      | 1175 ||| FLEEEEING.
  1176 | D:2      | 1176 ||| FLEEEEING.
  1177 | D:2      | 1177 ||| FLEEEEING.
  1178 | D:2      | 1178 ||| FLEEEEING.
  1179 | D:2      | 1179 ||| FLEEEEING.
  1180 | D:2      | 1180 ||| FLEEEEING.
  1181 | D:2      | 1181 ||| FLEEEEING.
  1182 | D:2      | 1182 ||| FLEEEEING.
  1183 | D:2      | 1183 ||| FLEEEEING.
  1186 | D:2      | Reached skill level 5 in Ranged Weapons
  1861 | D:2      | Reached skill level 3 in Fighting
  1986 | D:2      | 1986 ||| UPGRADING to ring of protection from cold.
  1987 | D:2      | 1987 ||| READING scroll labelled ITAUTAITIPS.
  2082 | D:3      | Found a burning altar of Makhleb.
  2091 | D:3      | 2091 ||| FLEEEEING.
  2096 | D:3      | Reached XP level 5. HP: 35/45 MP: 5/5
  2792 | D:3      | 2792 ||| UPGRADING to ring of willpower.
  2793 | D:3      | 2793 ||| READING scroll labelled YTETHEGUVI.
  2794 | D:3      | 2794 ||| DRINKING 2 metallic inky potions.
  2795 | D:3      | 2795 ||| READING 5 scrolls of identify.
  2795 | D:3      | 2795 ||| IDENTIFYING bubbling clear potion
  2796 | D:3      | 2796 ||| READING 4 scrolls of identify.
  2796 | D:3      | 2796 ||| IDENTIFYING yellow potion
  2797 | D:3      | 2797 ||| READING 3 scrolls of identify.
  2797 | D:3      | 2797 ||| IDENTIFYING glowing cyan potion
  2798 | D:3      | 2798 ||| READING 2 scrolls of identify.
  2798 | D:3      | 2798 ||| IDENTIFYING ruby potion
  2799 | D:3      | 2799 ||| DROPPING potion of attraction.
  2800 | D:3      | 2800 ||| DROPPING potion of invisibility.
  2835 | D:4      | Noticed Sigmund
  2852 | D:4      | Killed Sigmund
  2853 | D:4      | Reached skill level 7 in Ranged Weapons
  2853 | D:4      | Reached XP level 6. HP: 14/51 MP: 6/6
  3286 | D:4      | Found Pahatrurr's Book Boutique.
  3483 | D:4      | Identified the +1 chain mail "Uburoru" {Dex+4}
  3512 | D:4      | Identified the +1 leather armour "Huchoacs" {Str+3}
  3587 | D:4      | Reached XP level 7. HP: 48/59 MP: 7/7
  3707 | D:4      | 3707 ||| DROPPING +0 ring mail.
  3708 | D:4      | 3708 ||| UPGRADING to +1 leather armour "Huchoacs" {Str+3}.
  3718 | D:4      | 3718 ||| DROPPING +6 ring of intelligence.
  3719 | D:4      | 3719 ||| READING 3 scrolls labelled TOUSIZ ESUT.
  3720 | D:4      | 3720 ||| READING 3 scrolls of identify.
  3720 | D:4      | 3720 ||| IDENTIFYING purple potion
  3721 | D:4      | 3721 ||| READING 2 scrolls of identify.
  3721 | D:4      | 3721 ||| IDENTIFYING metallic pink potion
  3755 | D:5      | Entered Level 5 of the Dungeon
  3764 | D:5      | 3764 ||| STAIRDANCE
  3839 | D:5      | 3839 ||| STAIRDANCE
  3944 | D:5      | Found a staircase to the Ecumenical Temple.
  3945 | D:5      | 3945 ||| PLANNING TEMPLE
  3945 | D:5      | 3945 ||| READING scroll labelled YTER XORUISUYK.
  3965 | D:5      | HP: 13/59 [gnoll/+0 flail[a gnoll sergeant] (6)]
  3965 | D:5      | HP: 4/59 [gnoll sergeant/+0 trident (9)]
  3966 | D:5      | Mangled by a gnoll sergeant

Levels and vault maps discovered:
D:1:      kilobyte_arrival_exit_the_forest, layout_loops_ring
D:2:      minmay_recursive_quarters, layout_basic, uniq_crazy_yiuf_cottage,
          uniq_terence
D:3:      layout_basic, lemuel_crystal_altar
D:4:      layout_gridville, serial_shops, nicolae_shop_tiny_real_fake_doors,
          uniq_sigmund
D:5:      layout_basic, minmay_temple_entry_statues_pillars, hex_medium,
          dk_vineyard_3, minmay_misc_feat_columns

Skill      XL: |  1  2  3  4  5  6 |
---------------+-------------------+-----
Ranged Weapons | 3 4 5 7 |  7.4
Fighting       | 2 3 4 |  4.2
Armour         | 2 |  2.1
Dodging        | |  2.1
Spellcasting   | |  1.0
Hexes          | |  2.0

Action                     |  1- 3 |  4- 6 |  7- 9 || total
---------------------------+-------+-------+-------++-------
   Fire: Sling             |   112 |   185 |    31 ||   328
    Use: Scroll            |     3 |     6 |     4 ||    13
         Potion            |     1 |     1 |       ||     2
 Armour: Robe              |     7 |       |       ||     7
         Leather armour    |     3 |    14 |     5 ||    22
  Dodge: Dodged            |    32 |    53 |    17 ||   102
  Block: Other             |       |    20 |    10 ||    30
         Reflection        |       |     1 |     1 ||     2

Table legend:
 A = Non-vault XP
 B = Vault XP
 C = Vault XP percentage of total XP
 D = Non-vault monster count
 E = Vault monster count
 F = Vault count percentage of total count
                 A         B        C        D         E       F
            +---------+---------+-------+---------+---------+-------
      Total |     554 |     277 |  33.3 |      95 |      12 |  11.2
            +---------+---------+-------+---------+---------+-------
        D:1 |      61 |       0 |   0.0 |      34 |       0 |   0.0
        D:2 |      65 |      54 |  45.4 |      21 |      11 |  34.4
        D:3 |      98 |       0 |   0.0 |      13 |       0 |   0.0
        D:4 |     279 |     223 |  44.4 |      21 |       1 |   4.5
        D:5 |      51 |       0 |   0.0 |       6 |       0 |   0.0
            +---------+---------+-------+---------+---------+-------
